 Dungeon Crawl Stone Soup version 0.29.0-4-gdea44cf6ec (webtiles) character file.

Game seed: 15952402159108883851

69 qw the Chopper (level 4, 0/28 HPs)
             Began as a Gargoyle Fighter on Sept 7, 2022.
             Slain by Sigmund
             ... wielding a +4 scythe of freezing
              (4 damage)
             ... on level 3 of the Dungeon.
             The game lasted 00:00:46 (2165 turns).

qw the Chopper (Gargoyle Fighter)                   Turns: 2165, Time: 00:00:46

Health: 0/28       AC: 10    Str: 21    XL:     4   Next: 20%
Magic:  4/4        EV:  9    Int:  9    God:
Gold:   78         SH:  0    Dex:  9    Spells: 3/3 levels left

rFire   . . .      SeeInvis .   Y - +2 war axe
rCold   . . .      Faith    .   c - +0 buckler
rNeg    + . .      Spirit   .   b - +0 scale mail
rPois   inf        Reflect  .   (no helmet)
rElec   +          Harm     .   (no cloak)
rCorr   .          Rampage  .   (no gloves)
Will    .....                   (no boots)
Stlth   ..........              (no amulet)
HPRegen 0.09/turn               (no ring)
MPRegen 0.09/turn               (no ring)

@: confused, brilliant
A: sickness immunity, AC +3, negative energy resistance 1, electricity
resistance, torment resistance 1, petrification resistance
a: no special abilities


You were on level 3 of the Dungeon.
You visited 1 branch of the dungeon, and saw 3 of its levels.

You collected 78 gold pieces.


Innate Abilities, Weirdness & Mutations

You are immune to sickness and miasma.
Your stone body is resilient. (AC +3)
You are immune to poison.
You resist negative energy. (rN+)
You are resistant to electric shocks. (rElec)
You are resistant to unholy torment.
You are immune to petrification.


   Skills:
 - Level 3.2 Fighting
 + Level 4.0 Axes
 - Level 3.2 Armour
 - Level 3.2 Shields


You had 3 spell levels left.
You didn't know any spells.
Your spell library was empty.

Inventory:

Hand Weapons
 i - a +0 club
 Y - a +2 war axe (weapon)
Missiles
 f - a boomerang (quivered)
Armour
 b - a +0 scale mail (worn)
 c - a +0 buckler (worn)
Scrolls
 g - a scroll of identify
 l - a scroll of teleportation
Potions
 d - a potion of might
 e - a potion of heal wounds
 h - a potion of mutation
 j - 2 potions of resistance {unknown}
 n - a potion of attraction {unknown}

Dungeon Overview and Level Annotations

Branches:
Dungeon (3/15)

Altars:

Annotations:
D:3 Sigmund


Message History

The ball python bites you but does no damage.
The ball python grabs you. The ball python constricts you.
The ball python bites you but does no damage.
The ball python constricts you.
You hit the ball python.
The ball python is severely wounded.
The ball python bites you but does no damage.
The ball python constricts you.
The ball python bites you but does no damage.
The ball python constricts you.
You slash the ball python!
You kill the ball python!
You closely miss the ball python. You hit the quokka.
You block the quokka's attack. You block the ball python's attack.
The ball python grabs you. The ball python constricts you.
The quokka bites you but does no damage.
Sigmund hits you from afar with a +4 scythe of freezing!
Sigmund freezes you.
You slash the ball python!
You kill the ball python!
You closely miss the quokka. The quokka barely misses you.
The quokka closely misses you. You block Sigmund's attack.
You slash the quokka!
You kill the quokka!
Your Axes skill increases to level 4!
A hobgoblin comes into view.
The hobgoblin shouts!
Sigmund barely misses you.
Things that are here:
a quokka corpse; a ball python corpse You slash Sigmund!
Sigmund is moderately wounded.
Sigmund gestures at you while chanting.
You are confused.
You miss Sigmund.
Sigmund is moderately wounded.
Sigmund hits you with a +4 scythe of freezing!
Sigmund freezes you.
You die...

####
#...#########
#...#.....#
###.......######
##......).....
#..<......# ###.
##..%..##.......
#.:..@###...r..
###.##@...#
#.##g$..#
............
.#..#....####
##.%!...###
#.......
....!...#
.......#.


You could see Sigmund and a hobgoblin.

Vanquished Creatures
  2 adders (D:2)
  A worm (D:2)
  2 dart slugs
  2 bats (D:2)
  4 endoplasms
  3 goblins (D:2)
  5 hobgoblins
  3 jackals (D:1)
  4 quokkas
  7 ball pythons
  4 frilled lizards
  A kobold (D:1)
  5 rats
43 creatures vanquished.

Notes
Turn   | Place    | Note
-------+----------+-------------------------------------------
     0 | D:1      | qw the Gargoyle Fighter began the quest for the Orb.
     0 | D:1      | Reached XP level 1. HP: 14/14 MP: 1/1
     0 | D:1      | 0 ||| qw: Version: 0.1-a-108-g9e35731
     0 | D:1      | 0 ||| qw: Game counter: 6438
     0 | D:1      | 0 ||| qw: Always use a shield: true
     0 | D:1      | 0 ||| qw: God list: Okawaru
     0 | D:1      | 0 ||| qw: Allow faded altars: false
     0 | D:1      | 0 ||| qw: Do Orc after D:15 true
     0 | D:1      | 0 ||| qw: Do second Lair branch before Depths: true
     0 | D:1      | 0 ||| qw: Lair rune preference: random
     0 | D:1      | 0 ||| qw: Plans: Normal, Zot, God:TSO, Crypt, Tomb, Zig,
                  | Orb
     0 | D:1      | 0 ||| PLANNING D:1-11
    29 | D:1      | 29 ||| Stepping ~*~*~tactically~*~*~ (hiding).
    40 | D:1      | Reached skill level 2 in Axes
   214 | D:1      | Reached XP level 2. HP: 19/19 MP: 2/2
   930 | D:1      | 930 ||| READING scroll labelled TILAISTREROXT.
   931 | D:1      | 931 ||| READING scroll labelled XIUMPE SUOCE.
   932 | D:1      | 932 ||| READING scroll labelled CYX CIGEDWITHRY.
  1050 | D:2      | Reached skill level 3 in Axes
  1050 | D:2      | Reached XP level 3. HP: 14/23 MP: 3/3
  1961 | D:2      | Reached XP level 4. HP: 27/28 MP: 4/4
  2114 | D:2      | 2114 ||| READING 2 scrolls labelled KAYFOA BIDGHU.
  2115 | D:2      | 2115 ||| READING 2 scrolls labelled BAIS BYP WOISK.
  2120 | D:2      | 2120 ||| READING 2 scrolls labelled EDU GEOMEXKIBEI.
  2121 | D:2      | 2121 ||| READING scroll of enchant weapon.
  2121 | D:2      | 2121 ||| ENCHANTING +1 war axe.
  2122 | D:2      | 2122 ||| DRINKING 2 dark potions.
  2123 | D:2      | 2123 ||| DRINKING 2 sedimented brown potions.
  2124 | D:2      | 2124 ||| READING 2 scrolls of identify.
  2124 | D:2      | 2124 ||| IDENTIFYING black potion
  2125 | D:2      | 2125 ||| DROPPING scroll of noise.
  2126 | D:2      | 2126 ||| DROPPING potion of brilliance.
  2150 | D:3      | 2150 ||| Stepping ~*~*~tactically~*~*~ (stealth).
  2150 | D:3      | Noticed Sigmund
  2151 | D:3      | 2151 ||| Stepping ~*~*~tactically~*~*~ (hiding).
  2152 | D:3      | 2152 ||| Stepping ~*~*~tactically~*~*~ (hiding).
  2153 | D:3      | 2153 ||| Stepping ~*~*~tactically~*~*~ (hiding).
  2155 | D:3      | 2155 ||| Stepping ~*~*~tactically~*~*~ (hiding).
  2163 | D:3      | Reached skill level 4 in Axes
  2165 | D:3      | HP: 4/28 [Sigmund/+4 scythe of freezing (11)]
  2165 | D:3      | Slain by Sigmund

Levels and vault maps discovered:
D:1:      dpeg_arrival_boxes_within_box, layout_basic
D:2:      layout_basic, minmay_quantized
D:3:      layout_rooms, uniq_sigmund

Skill      XL: |  1  2  3  4 |
---------------+-------------+-----
Axes           | 2 3 4 |  4.0
Fighting       | |  3.2
Armour         | |  3.2
Shields        | |  3.2

Action                   |  1- 3 |  4- 6 || total
-------------------------+-------+-------++-------
Melee: War axe           |    92 |    20 ||   112
Throw: Boomerang         |    53 |     3 ||    56
  Use: Scroll            |     3 |     5 ||     8
       Potion            |       |     2 ||     2
Armor: Scale mail        |    42 |     8 ||    50
Dodge: Dodged            |    36 |     8 ||    44
Block: Buckler           |    16 |     5 ||    21

Table legend:
 A = Non-vault XP
 B = Vault XP
 C = Vault XP percentage of total XP
 D = Non-vault monster count
 E = Vault monster count
 F = Vault count percentage of total count
                 A         B        C        D         E       F
            +---------+---------+-------+---------+---------+-------
      Total |      86 |      13 |  13.1 |      38 |       5 |  11.6
            +---------+---------+-------+---------+---------+-------
        D:1 |      21 |       0 |   0.0 |      12 |       0 |   0.0
        D:2 |      59 |      13 |  18.1 |      22 |       5 |  18.5
        D:3 |       6 |       0 |   0.0 |       4 |       0 |   0.0
            +---------+---------+-------+---------+---------+-------
